[Event "Biel Festival Masters Blitz 2024"]
[White "Mishra,Abhimanyu"]
[Black "Martirosyan,Haik M."]
[Site "Biel"]
[Round "4.1"]
[Annotator "TA"]
[Result "0-1"]
[Date "2024.07.21"]
[WhiteElo "2627"]
[BlackElo "2662"]
[PlyCount "116"]
[TimeControl "180+2"]

1. e4 e5 2. Nf3 Nc6 3. Bc4 Nf6 4. d3 Be7 5. O-O O-O 6. Re1 d6 7. a4 Be6 8. Nbd2 h6 9. h3 Nd7 10. c3 a5 {[%emt 0:0:2] White has an edge.} 11. Bxe6 fxe6 12. Nf1 Kh8 13. Be3 {[%emt 0:0:11] Black should prevent Qb3.} d5 14. Ng3 b6 (14... Qe8 $11 )15. d4 exd4 16. Nxd4 Nxd4 17. Bxd4 c5 18. Be3 (18. Bxg7+ {seems wilder.} Kxg7 19. exd5 e5 20. f4 )Nf6 19. exd5 exd5 20. Qd2 (20. Nf5 {is interesting.} Bd6 21. Qd3 Ne4 22. Nxd6 Qxd6 23. Rad1 )Rf7 21. Rad1 Qd7 22. Bf4 Qxa4 23. Nf5 Bf8 24. Be5 Rd8 25. Qd3 Qd7 26. Nh4 Kg8 (26... Re8 $11 )27. Ng6 (27. Qg6 $1 $14 Nh7 28. Qxb6 )Nh7 (27... b5 $15 )28. Bg3 $11 {[%emt 0:0:6] [#] Ne5 is the strong threat.} Rf6 (28... Qf5 $11 )29. Nf4 (29. Ne5 $16 Qe8 30. Bh4 )d4 30. cxd4 cxd4 31. Qc4+ Qf7 32. Rxd4 {[%emt 0:0:2] [#] aiming for Qxf7+.} Qxc4 33. Rxc4 Ng5 34. Nh5 Rf7 35. h4 Nh7 36. Rc7 (36. f3 $11 )Bc5 37. Rxf7 Kxf7 38. Be5 (38. Kf1 $17 )Rd2 $19 39. Rf1 Rd5 (39... Nf6 $19 {and Black stays clearly on top.} 40. Bc3 Rc2 41. Nxf6 gxf6 )40. Re1 $17 Rd2 (40... Bd4 $17 41. Bxd4 Rxd4 (41... Rxh5 42. Bxb6 Nf6 43. Bc7 $16 ))41. Rf1 $1 $19 {[%emt 0:0:1] White is on the road to losing.} Nf6 42. Nxf6 gxf6 {[%emt 0:0:1][%mdl 4096] Endgame. KRB-KRB} 43. Bc3 Rc2 44. g4 $2 (44. Kh2 )a4 {[%emt 0:0:1] And now ...a3 would win.} 45. Ra1 (45. Kg2 $142 )b5 46. Ba5 (46. Kg2 $142 )Rxf2 47. Bb4 Ba7 (47... Bxb4 48. Kxf2 Bc5+ 49. Ke2 $11 )48. Kh1 Rxb2 49. Ba5 Rb3 {[%emt 0:0:5] White must now prevent ...Bd4.} 50. Rd1 Be3 51. Rd7+ Ke6 52. Rd8 a3 53. Re8+ Kd5 {[%emt 0:0:2] ( -> ...a2)} 54. Bd8 Bd4 {[%emt 0:0:1] Black mates.} 55. Be7 Rb1+ 56. Kg2 a2 57. Rd8+ Ke6 58. Rxd4 Ke5 {[%emt 0:0:4] Weighted Error Value: White=0.72/Black=0.26 (precise) .  Mistake:       	White=7     	Black=6      Inaccurate:     	White=3     	Black=1      OK:         	White=9     	Black=14     Best:        	White=1     	Black=2      Strong:       	White=1     	---} ({Not} 58... a1=B 59. Rb4 Rb2+ 60. Rxb2 Bxb2 61. Bf8 $17 )0-1

[Event "Biel Festival Masters Blitz 2024"]
[White "Keymer,Vincent"]
[Black "Praggnanandhaa R"]
[Site "Biel"]
[Round "4.2"]
[Annotator "TA"]
[Result "0-1"]
[Date "2024.07.21"]
[WhiteElo "2721"]
[BlackElo "2747"]
[PlyCount "136"]
[TimeControl "180+2"]

1. Nf3 Nf6 2. c4 e6 3. Nc3 d5 4. e3 Bd6 5. b3 O-O 6. Bb2 Re8 7. Nb5 Be7 8. Be5 Na6 9. Be2 Ne4 10. Qc2 c6 11. Nc3 f6 12. Bg3 Nb4 13. Qb1 e5 14. cxd5 Nxc3 15. dxc3 Nxd5 16. O-O Nxc3 17. Bc4+ Kh8 18. Qc2 Nd5 19. Rfd1 Qb6 20. Rac1 Be6 21. Qe4 Kg8 22. Nh4 Bf7 23. Qg4 Bf8 24. e4 Ne7 25. Bxf7+ Kxf7 26. Kh1 Rad8 27. f4 exf4 $1 28. Bxf4 Ng6 29. Qh5 (29. Nxg6 $142 hxg6 30. e5 )Rxd1+ (29... Rxe4 30. Qxh7 Rxd1+ 31. Rxd1 $11 )30. Rxd1 Rd8 ({Inferior is} 30... Rxe4 31. Qxh7 $11 )31. Rg1 Qb5 (31... Bc5 $19 32. Ra1 Qb5 )32. Nf5 (32. e5 $17 {was necessary.} )Kg8 33. Bg3 Qd3 (33... Rd2 $19 34. h4 Rxa2 )34. Qg4 $17 Re8 (34... Qd7 $142 35. h4 Kh8 )35. Re1 ({White should play} 35. e5 )Bb4 $17 36. Rd1 Qxe4 37. Qxe4 Rxe4 38. Rd7 (38. Rd8+ $142 Bf8 (38... Kf7 $2 39. Rb8 $17 )39. Nd6 )Ne7 $19 39. Nd4 Nd5 40. Nf5 Ne7 41. Nd4 $1 h5 42. Nf3 Nf5 43. Rxb7 Bc5 44. Rc7 (44. Bb8 $142 )h4 $2 (44... Re2 $19 45. Rxc6 Nxg3+ 46. hxg3 Bf2 )45. Be1 (45. Rxc6 $15 Bd4 (45... Nxg3+ 46. hxg3 Bf2 47. gxh4 $11 )46. Be1 )Bb6 46. Rxc6 Nd4 ({Black should try} 46... Re2 $17 {aiming for ...h3.} 47. h3 Rxa2 48. Nxh4 Nd4 49. Rc8+ Kh7 )47. Rc1 $15 {[%emt 0:0:1] [#]} h3 (47... Kf7 $1 $15 )48. Nxd4 $11 hxg2+ 49. Kxg2 Bxd4 50. Kf3 (50. Rd1 $11 )Re3+ $17 51. Kg4 Re2 52. h4 Rxa2 53. Bg3 Bb6 54. h5 Kh7 55. Rd1 Re2 56. Rd7 Re4+ (56... Kh6 $17 )57. Kf5 $1 $11 Rb4 58. Rd3 (58. Bf4 $1 $11 )Rb5+ $17 59. Kg4 Rg5+ 60. Kh4 Rf5 (60... a5 $142 61. Be1 Bc5 )61. Kg4 $17 Rb5 62. Bf4 Rb4 63. Kf5 $1 Rb5+ 64. Kg4 Ba5 65. Rd7 f5+ 66. Kg5 $2 {[%emt 0:0:3] [#]} (66. Kf3 $11 )Bc3 $1 $19 67. h6 $2 (67. Kh4 $19 )Bf6+ ({Worse is} 67... Rxb3 68. Rxa7 Bd4 69. Rd7 $11 )68. Kh5 Rxb3 0-1

[Event "Biel Festival Masters Blitz 2024"]
[White "Le,Quang Liem"]
[Black "Shankland,Sam"]
[Site "Biel"]
[Round "4.3"]
[Annotator "TA"]
[Result "1-0"]
[Date "2024.07.21"]
[WhiteElo "2731"]
[BlackElo "2683"]
[PlyCount "145"]
[TimeControl "180+2"]

1. d4 Nf6 2. c4 g6 3. Nc3 Bg7 4. e4 d6 5. f3 O-O 6. Nge2 Nbd7 {[%emt 0:0:3] 6...a6 is setting a new trend.} 7. Be3 a6 {[%emt 0:0:2] E81: King's Indian: Sämisch: 6th move deviations (including 6 Be3 c6).} 8. Qd2 b5 9. cxb5 axb5 10. Nxb5 c6 11. Nbc3 e5 12. Ng3 d5 13. Be2 dxe4 $146 ({Predecessor:} 13... h5 14. exd5 Nxd5 15. Nxd5 cxd5 16. O-O h4 17. Nh1 Re8 18. Bb5 Qb6 19. Bxd7 exd4 20. Bxe8 dxe3 21. Qxd5 {0-1 Omelja,A (2515)-Demchenko,A (2654) Titled Tuesday intern op 31st May Early blitz 2022 (7)} )14. Ngxe4 Nd5 15. Nxd5 cxd5 16. Nc3 Rb8 17. O-O exd4 18. Bxd4 Rxb2 19. Qxb2 Bxd4+ 20. Kh1 Qf6 21. Rac1 Nc5 22. Nxd5 Qe5 23. Ne7+ Kg7 24. Nc6 Bxb2 25. Nxe5 Bxc1 26. Rxc1 Nd7 27. Nc6 Re8 28. Bc4 Nb6 29. Bb3 Be6 30. Re1 Kf6 31. Bxe6 Rxe6 32. Rxe6+ Kxe6 33. Kg1 Kd5 34. Nd8 f6 35. Kf2 Na4 36. Ke3 Nc3 37. a3 Na4 38. h4 Nb2 39. Kf4 Nd3+ 40. Kg3 Nb2 {[%emt 0:0:1] [#]} 41. h5 (41. Kg4 $1 $16 )Kd6 (41... gxh5 $11 {keeps the balance.} 42. f4 Kd6 )42. hxg6 (42. Kh4 $16 )hxg6 $14 43. Nb7+ Kc6 44. Na5+ Kd5 45. Nb3 Na4 46. Nd2 Ke5 (46... Nb6 $142 )47. Ne4 ({White should try} 47. f4+ Ke6 48. Nf3 )Nb6 $16 48. Kf2 f5 (48... Nd5 $16 )49. Ng5 $1 $18 Kd4 {[%emt 0:0:2] [#]} 50. Kg3 (50. Nf7 $1 $18 )Ke5 $2 (50... Nc4 $1 $14 )51. Nh3 Na4 52. Nf4 (52. Kh4 $18 {And now Kg5 would win.} Kf6 53. g4 )Kf6 53. Kf2 Nb6 54. Ke2 g5 55. Nh3 g4 56. fxg4 fxg4 57. Nf2 Kf5 58. g3 (58. Nd1 $18 )Na4 $2 (58... Nd5 $16 )59. Ke3 $18 Nc3 {[%emt 0:0:8] [#]} 60. Kd3 $1 Na4 61. Kd4 Nb6 62. Nd1 Na4 63. Nc3 Nb6 64. a4 Ke6 65. a5 Na8 66. Nb5 Kd7 67. Kd5 Kc8 68. Kc6 Kb8 69. a6 Kc8 70. a7 Kd8 71. Kb7 Kd7 72. Kxa8 Kc8 73. Nd4 1-0

[Event "Biel Festival Masters Blitz 2024"]
[White "Shankland,Sam"]
[Black "Mishra,Abhimanyu"]
[Site "Biel"]
[Round "5.1"]
[Annotator "TA"]
[Result "1/2-1/2"]
[Date "2024.07.21"]
[WhiteElo "2683"]
[BlackElo "2627"]
[PlyCount "98"]
[TimeControl "180+2"]

1. d4 d5 2. Nf3 Nf6 3. Bf4 c5 4. e3 Nc6 5. h3 cxd4 6. exd4 {[%emt 0:0:1] D02: Damenbauernspiele.} Bf5 7. c3 e6 8. Nbd2 Bd6 9. Bxd6 Qxd6 10. Be2 h6 11. O-O O-O 12. Re1 Rab8 13. a4 Qc7 14. Nb3 $146 ({Predecessor:} 14. Nf1 Ne4 15. Ne3 Bh7 16. Bd3 Kh8 17. Qe2 a6 18. Rec1 Rfc8 19. Nf1 Na5 20. N1d2 Nxd2 21. Nxd2 Bxd3 22. Qxd3 {½-½ Afanasiev,N (2460)-Kryakvin,D (2592) Voronezh op-A 22nd 2018 (6)} )Na5 15. Nxa5 Qxa5 16. Ne5 Qc7 17. Bd3 Bxd3 18. Qxd3 Nd7 19. Ng4 a6 20. a5 b5 21. axb6 Rxb6 22. b4 Rc8 23. Re3 Qc4 24. Qd2 h5 25. Nh2 Nf6 26. Ra3 Ne4 27. Qe1 (27. Qd1 $11 {bleibt in der Remisbreite.} )Ra8 (27... Qc7 $17 {...Rc6 wäre nun fies.} 28. Nf3 Rc6 )28. Nf3 $11 a5 29. bxa5 ({Viel schlechter ist} 29. Rxa5 Rxa5 30. bxa5 Rb2 31. Rxe4 (31. Ne5 $2 Qa2 $19 )dxe4 32. Qxe4 Qd5 $19 (32... Qxc3 $2 33. Qa8+ Kh7 34. Qe4+ g6 35. Ng5+ Kg8 36. Nxe6 $19 ))Rba6 30. Ne5 Qc7 31. c4 Rxa5 32. Rxa5 Qxa5 33. Rxe4 (33. cxd5 $11 Qxe1+ 34. Rxe1 exd5 35. Rb1 )dxe4 $17 34. Qxe4 Rc8 (34... Qd8 $142 35. Kh2 Qb8 )35. c5 Qc7 36. Qf3 Rd8 37. Qe4 Rd5 38. h4 Qd8 39. Nf3 (39. Qf3 $142 Qe8 (39... Qxh4 $2 {zu gefräßig.} 40. Qxf7+ Kh7 41. Qg6+ Kh8 42. Nf7+ Kg8 43. Qxe6 $18 )40. c6 )Qf6 (39... Qa8 $142 40. g3 Qa1+ 41. Kg2 Qa4 )40. g3 {[%emt 0:0:2] [#]} (40. Ne5 $142 )Qf5 $1 $17 41. Qxf5 exf5 (41... Rxf5 $17 42. Ne5 f6 )42. Kf1 $11 f6 43. Ke2 Kf7 44. Kd3 Ke6 45. Kc4 Rd8 {[%emt 0:0:0] [#]} (45... f4 $1 $11 )46. d5+ ({Der einzige Zug:} 46. Nd2 $1 $16 )Rxd5 $11 47. Nd4+ Ke5 48. Nc6+ Ke6 49. Nd4+ $1 Ke5 1/2-1/2

[Event "Biel Festival Masters Blitz 2024"]
[White "Praggnanandhaa R"]
[Black "Le,Quang Liem"]
[Site "Biel"]
[Round "5.2"]
[Annotator "ChessBase"]
[Result "1-0"]
[Date "2024.07.21"]
[WhiteElo "2747"]
[BlackElo "2731"]
[PlyCount "225"]
[TimeControl "180+2"]

1. d4 Nf6 2. Bg5 d5 3. e3 c5 4. Bxf6 gxf6 5. dxc5 Nc6 6. c3 e6 7. b4 a5 8. Bb5 Bd7 9. Qb3 Bg7 10. a4 O-O 11. Ne2 f5 12. Ra3 Ne5 13. O-O b6 14. cxb6 Qxb6 15. Bxd7 Nxd7 16. Ra2 Rfc8 17. Nd2 Rc7 18. b5 Rac8 19. Rc2 Qd6 20. h3 Nb6 21. Rfc1 Rc5 22. Nd4 f4 23. exf4 Qxf4 24. Nc6 Kh8 25. c4 Rg8 26. Qa3 Bd4 27. Nxd4 Qxd4 28. Nf3 Qg7 29. g3 Rxc4 30. Nd2 Rxa4 31. Qd6 Qd4 32. Nf3 Qf6 33. Ne5 Nc4 34. Nxc4 dxc4 35. Rxc4 Rxc4 36. Rxc4 Rd8 37. Qc7 Rd1+ 38. Kg2 Qd8 39. Qe5+ f6 40. Qxe6 Qd5+ 41. Qxd5 Rxd5 42. b6 Rb5 43. Rc8+ Kg7 44. Rb8 h5 45. h4 a4 46. b7 a3 47. Ra8 Rxb7 48. Rxa3 Kg6 49. Kf3 Rb2 50. Rd3 Ra2 51. Re3 Rb2 52. Re2 Rb3+ 53. Kf4 Rb4+ 54. Re4 Rb2 55. f3 Rf2 56. Re8 Rf1 57. Re2 Kg7 58. Ke3 Kg6 59. Ra2 Re1+ 60. Kf2 Rb1 61. Re2 Rb4 62. Kg2 Ra4 63. Re3 Ra2+ 64. Kh3 Ra1 65. Rb3 Rh1+ 66. Kg2 Ra1 67. g4 Ra5 68. Kg3 Rc5 69. Re3 Ra5 70. Re6 Kf7 71. Re4 Kg6 72. Kf4 Rb5 73. Rc4 Ra5 74. Rd4 Rb5 75. Re4 Ra5 76. Re6 Ra4+ 77. Kg3 Kf7 78. Rd6 Ra5 79. Kf4 Ra4+ 80. Kf5 Ra5+ 81. Ke4 Ra4+ 82. Rd4 Ra1 83. gxh5 Ra5 84. Rd5 Ra4+ 85. Kf5 Rxh4 86. Rd7+ Kf8 87. Rh7 Kg8 88. Kg6 Rh3 89. Rg7+ Kf8 90. Rf7+ Kg8 91. Rxf6 Rg3+ 92. Kh6 Rh3 93. f4 Ra3 94. f5 Ra7 95. Rb6 Rh7+ 96. Kg5 Ra7 97. Kg6 Rg7+ 98. Kf6 Rf7+ 99. Kg5 Ra7 100. Re6 Kh7 101. Kf6 Ra8 102. Kf7 Rb8 103. f6 Ra8 104. Re8 Ra7+ 105. Kf8 Kh6 106. f7 Kh7 107. Re6 Ra8+ 108. Ke7 Ra7+ 109. Kf6 Ra8 110. Re8 Ra6+ 111. Ke5 Ra5+ 112. Kd4 Ra4+ 113. Kc5 1-0

[Event "Biel Festival Masters Blitz 2024"]
[White "Martirosyan,Haik M."]
[Black "Keymer,Vincent"]
[Site "Biel"]
[Round "5.3"]
[Annotator "TA"]
[Result "1-0"]
[Date "2024.07.21"]
[WhiteElo "2662"]
[BlackElo "2721"]
[PlyCount "127"]
[TimeControl "180+2"]

1. d4 Nf6 2. c4 e6 3. Nf3 d5 4. Nc3 c6 5. Bg5 h6 6. Bxf6 Qxf6 7. e3 g6 8. Bd3 Bg7 9. O-O dxc4 10. Bxc4 Nd7 11. Re1 O-O 12. e4 Qe7 13. e5 Rd8 14. Qe2 b5 15. Bd3 Rb8 16. Rac1 c5 17. Nxb5 Bb7 18. Nd6 Bxf3 19. Qxf3 cxd4 20. Nc4 Rbc8 21. Qe2 Nb6 22. Na5 Rxc1 23. Rxc1 Qg5 24. Re1 Nd5 25. g3 Nf4 26. Qf3 Nxd3 27. Qxd3 Bxe5 28. Nc6 Rd5 29. Nxa7 Qf5 (29... Rc5 $17 30. h4 Qf5 31. Qxf5 gxf5 32. b4 )30. Re4 $2 (30. Qxf5 $11 {and White is okay.} gxf5 31. Kf1 )Rc5 $19 31. a4 Rc1+ 32. Kg2 {[%emt 0:0:1] [#]} Rd1 $2 (32... Re1 33. f3 Ra1 34. Nb5 $17 )(32... Bg7 $3 $19 {[%mdl 512] Hoping for ...Ra1.} 33. Nb5 (33. f3 Qd5 )Qd5 )33. Qxd1 Qxe4+ 34. Qf3 Qc2 (34... Qxf3+ 35. Kxf3 d3 36. Nc6 (36. b4 Bd4 $14 )Bxb2 37. Ke3 $18 )35. Nc6 Bg7 $2 {[%emt 0:0:3][%mdl 8192] [#]} (35... Bc7 $11 )36. a5 $1 $18 d3 37. a6 d2 38. a7 d1=Q {[%emt 0:0:3] [#]} 39. a8=Q+ $2 ({White must play} 39. Ne7+ $1 $18 Kf8 (39... Kh7 40. Qxd1 Qxd1 41. a8=Q $18 )40. Nxg6+ (40. a8=B Qxf3+ 41. Bxf3 Bd4 42. Kh3 Kxe7 43. Bh1 Qxf2 44. Be4 Qf1+ 45. Bg2 Qf5+ 46. g4 Qd3+ )Ke8 41. a8=Q+ (41. a8=B $2 Qxf3+ 42. Kxf3 Qxg6 $19 )Qd8 42. Qxd8+ Kxd8 43. Qxf7 Qc6+ 44. Kh3 Bxb2 45. Nh4 )Kh7 $2 (39... Bf8 $11 )40. Qxd1 Qxd1 41. Ne7 h5 42. Qg8+ Kh6 43. Qxf7 Qc2 44. b4 $2 (44. Qxe6 Bxb2 45. Qe3+ Kg7 $11 )(44. h4 $18 )Qe4+ $14 45. Qf3 Qxb4 46. Qe3+ (46. Ng8+ Kh7 47. Nf6+ Kh8 $15 (47... Bxf6 48. Qxf6 Qb7+ 49. Qf3 $11 ))Kh7 47. Qxe6 Qb1 48. h4 Qd3 49. Qf7 Qe4+ 50. Kg1 Qb1+ 51. Kh2 $1 Qc2 52. Nd5 Qb2 53. Kg2 Qd4 54. Nf4 Qe4+ 55. Kg1 ({White should play} 55. Kh2 $16 {Ne6 would kill now.} Qf5 56. Qxf5 gxf5 57. Nxh5 )Qb1+ $2 (55... Qe1+ $11 56. Kg2 Qe4+ 57. Kh2 Qf5 58. Qxf5 gxf5 59. Nxh5 Bh8 )56. Kh2 $18 Qc2 (56... Qf5 $18 57. Qxf5 gxf5 58. Nxh5 Be5 )57. Ne6 Qb2 58. Kg2 Kh6 59. Qf4+ Kh7 60. Ng5+ (60. Qc7 $142 g5 61. hxg5 (61. Nxg5+ Kh6 $18 )Kg6 62. Nf4+ Kh7 63. Qf7 (63. Nxh5 Kg6 $18 )Qe5 64. Ne6 (64. Nxh5 Qxg5 65. Qxg7+ Qxg7 66. Nxg7 Kxg7 67. Kf3 Kg8 68. Kf4 Kf8 )Kh8 65. g6 (65. Qxh5+ Kg8 $18 ))Kh8 (60... Kh6 $18 61. Ne6+ Kh7 )61. Qe4 Qf6 62. Qe8+ Bf8 63. Ne6 Kg8 64. Nxf8 1-0

[Event "Biel Festival Masters Blitz 2024"]
[White "Mishra,Abhimanyu"]
[Black "Keymer,Vincent"]
[Site "Biel"]
[Round "6.1"]
[Annotator "TA"]
[Result "0-1"]
[Date "2024.07.21"]
[WhiteElo "2627"]
[BlackElo "2721"]
[PlyCount "220"]
[TimeControl "180+2"]

1. e4 e5 2. Nf3 Nc6 3. Bc4 Nf6 4. d3 Bc5 5. c3 a6 6. O-O Ba7 7. a4 {[%emt 0:0:1] 7.Re1 is the recent fashion. C54: Giuoco Piano: 4 c3 Nf6, main lines with 5 d4 and 5 d3.} d6 8. Re1 O-O 9. h3 h6 10. Nbd2 Be6 11. Bxe6 fxe6 12. b4 Ne7 13. Nf1 Ng6 14. Ra2 d5 $5 {[%emt 0:0:2][%mdl 4] Exploring less charted territory.} 15. Qc2 $146 ({Predecessor:} 15. Qe2 Qd6 16. c4 dxc4 17. dxc4 a5 18. bxa5 Bc5 19. Bd2 Qc6 20. Rb2 b6 21. Rb5 {½-½ Carlsen,M (2830)-Keymer,V (2726) Chess.com Classic Div 1 W rapid 2024 (3.1)} )c6 16. c4 a5 17. bxa5 d4 18. N1h2 Qxa5 19. Bd2 Qc7 20. a5 Bc5 21. Rb1 Ra7 22. g3 Qe7 23. Rab2 Bd6 24. Kg2 Rb8 25. Ng4 Nd7 26. h4 Qe8 27. Bb4 Bc7 28. Bd2 Ne7 29. Ra2 Kh8 30. Qc1 Ng8 31. Ngh2 Qd8 32. Rba1 Rba8 33. Qb1 Ngf6 34. Bb4 Qe8 35. Nf1 Qg6 36. N1d2 c5 37. Ba3 Bxa5 38. Bc1 b6 39. Nb3 Rf8 40. Nxa5 bxa5 41. Rxa5 Rxa5 42. Rxa5 Qg4 43. Nh2 Qd1 44. Ra2 Ng4 45. Nxg4 Qxg4 46. Qc2 Qf3+ 47. Kg1 Qf7 48. Ra7 Qe8 49. Qa4 Qf7 50. f4 Qg6 51. Qxd7 Qxg3+ 52. Kh1 Qh3+ 53. Kg1 Qg3+ 54. Kf1 exf4 55. Qe7 Rg8 56. Qxe6 Qxd3+ 57. Kg1 Qd1+ 58. Kg2 Qxc1 59. Qg4 Qd2+ 60. Kh3 Qe3+ 61. Kh2 d3 62. Rd7 d2 63. Kg2 Qxe4+ 64. Qf3 Qxc4 65. Rxd2 Rb8 66. Rf2 Kh7 67. Qg4 Qd5+ 68. Kh2 Qe5 69. Qf3 Qe3 70. Qxf4 Qxf4+ 71. Rxf4 Rb4 72. Rf5 Rxh4+ 73. Kg3 Rc4 (73... g5 $142 74. Rxc5 Kg6 75. Rb5 Kh5 76. Rb1 Rg4+ 77. Kf2 Rc4 78. Kg2 Rc2+ 79. Kf3 Rc3+ 80. Kf2 g4 81. Rh1+ Kg5 82. Rb1 h5 83. Ra1 Rc2+ 84. Ke3 Rc4 85. Rb1 Rf4 86. Rb7 Rf1 (86... Rf3+ $2 87. Ke4 $19 )87. Kd4 g3 88. Rg7+ Kh4 89. Kd3 Rf4 90. Rb7 g2 91. Rb1 Rf1 92. Rb4+ Kh3 93. Rc4 g1=Q (93... g1=B $2 94. Ke2 $19 )94. Rc3 Qg4 (94... Rf3+ {gets mated.} 95. Kc2 Qg6+ 96. Kb3 Qe6+ 97. Kb4 Qb6+ 98. Kc4 Qc6+ 99. Kb4 Rxc3 100. Ka5 Rc5+ 101. Kb4 Qb6+ 102. Ka4 Ra5# )95. Kc2+ Kh4 96. Rc7 Qe4+ 97. Kb3 )74. Rd5 Rc1 (74... Rd4 $142 75. Rxc5 Kg6 76. Rc6+ Kh5 77. Rc1 g5 78. Rh1+ Kg6 79. Ra1 Rd3+ 80. Kg2 g4 81. Rh1 Rd2+ 82. Kg3 Kg5 83. Re1 Rd3+ 84. Kf2 h5 85. Re4 Kh4 86. Ke2 Rf3 87. Ra4 Rf8 88. Re4 Kh3 89. Re5 h4 90. Re7 g3 91. Kd3 g2 92. Re3+ Kg4 93. Re6 h3 (93... g1=B 94. Rg6+ Kf3 95. Rxg1 $19 )94. Re4+ Rf4 95. Re7 h2 (95... g1=B 96. Rg7+ Kf3 97. Rxg1 $19 )96. Ke2 g1=Q (96... g1=B {leads to mate.} 97. Rh7 Kg3 98. Kd2 Rh4 99. Rg7+ Kh3 100. Rd7 h1=Q 101. Rd3+ Kh2 102. Rd8 Bb6 103. Rd6 Qg2+ 104. Kd1 Rd4+ 105. Rxd4 Bxd4 106. Kc1 Qe2 107. Kb1 Qb2# )97. Rg7+ Kh3 98. Rh7+ Rh4 99. Rf7 Re4+ (99... h1=B {is a self mate.} 100. Re7 Re4+ 101. Rxe4 Bxe4 102. Kd2 Qd4+ 103. Ke2 Bc2 104. Kf1 Kg3 105. Ke2 Qf2# )(99... h1=Q 100. Rf3+ Kg2 101. Rg3+ Kxg3 102. Kd3 Qf3+ 103. Kd2 Rh2# )100. Kd2 Qd4+ (100... h1=N 101. Rh7+ Kg2 102. Rg7+ Ng3 103. Rxg3+ Kxg3 104. Kc3 Qd4+ 105. Kc2 Re2+ 106. Kb3 Rb2+ 107. Ka3 Qb4# )101. Kc2 Re2+ (101... h1=B 102. Rh7+ Kg3 103. Rg7+ Qxg7 104. Kd3 Qd4+ 105. Kc2 Re2+ 106. Kb3 Rb2+ 107. Ka3 Qb4# )102. Kb3 Rb2+ 103. Ka3 Qb4# )75. Kf4 c4 76. Rc5 c3 77. Kg3 Re1 78. Rxc3 Re6 79. Rc5 Kg6 80. Kg4 Ra6 81. Rc4 h5+ 82. Kf3 Kh6 83. Rc8 g6 84. Rc5 Ra4 85. Rc8 Rd4 86. Rc6 Rd5 87. Kf4 Rf5+ 88. Kg3 Kg5 89. Rc3 Ra5 90. Kh3 h4 91. Rc6 Kh5 92. Rc8 Ra3+ 93. Kh2 g5 94. Rc5 Rd3 95. Rc8 Rf3 96. Rc4 Rf4 97. Rc1 Rf2+ 98. Kg1 Ra2 99. Rc4 h3 100. Kh1 g4 101. Rc8 Kh4 102. Rc4 Rf2 103. Rd4 Kg3 104. Rd3+ Rf3 105. Rd1 Ra3 106. Rg1+ Kh4 107. Rc1 g3 108. Kg1 Kg4 109. Rf1 h2+ 110. Kh1 Kh3 0-1

[Event "Biel Festival Masters Blitz 2024"]
[White "Martirosyan,Haik M."]
[Black "Le,Quang Liem"]
[Site "Biel"]
[Round "6.2"]
[Annotator "TA"]
[Result "1/2-1/2"]
[Date "2024.07.21"]
[WhiteElo "2662"]
[BlackElo "2731"]
[PlyCount "105"]
[TimeControl "180+2"]

1. d4 Nf6 2. c4 e6 3. Nf3 d5 4. Nc3 Nbd7 5. cxd5 exd5 6. Bg5 c6 7. Qc2 h6 8. Bh4 Be7 9. e3 O-O 10. Bd3 Re8 11. O-O Ne4 12. Bxe4 Bxh4 13. Bh7+ Kf8 14. Bd3 Be7 15. Ne5 Nxe5 16. dxe5 Bc5 17. Na4 Bb6 18. Nxb6 Qxb6 19. Qc3 a5 20. Rac1 Qb4 21. Qd4 f6 22. exf6 (22. f4 {looks sharper.} Kf7 23. Rf3 g6 24. a3 )Qxd4 23. exd4 gxf6 24. f3 Bd7 25. Kf2 Ke7 26. Rfe1+ Kd6 27. Rxe8 Rxe8 $11 {[%emt 0:0:3][%mdl 4096] Endgame. KRB-KRB} 28. Re1 Rc8 29. g4 b6 30. Bf5 c5 ({Much weaker is} 30... Bxf5 31. gxf5 Kd7 32. Re6 $14 )31. dxc5+ (31. Bxd7 $11 Kxd7 32. Ke3 )bxc5 $15 32. Bxd7 Kxd7 $11 {[%emt 0:0:1] KR-KR} 33. f4 Rb8 34. b3 {[%emt 0:0:2] [#]} a4 $1 35. Re3 {[%emt 0:0:4] [#]} Rb4 $1 36. Kf3 axb3 37. axb3 Kd6 38. h4 d4 39. Rd3 Kd5 40. g5 fxg5 41. fxg5 {[%emt 0:0:3] The position is equal.} hxg5 42. hxg5 Rb8 {[%emt 0:0:7] Threatens to win with ...Rg8.} 43. Ke2 c4 44. bxc4+ Kxc4 45. Rg3 Rb2+ 46. Kd1 d3 47. Kc1 Rc2+ 48. Kb1 $1 {[%emt 0:0:1] aiming for g6.} (48. Kd1 Kc3 49. Ke1 Rh2 $19 )Re2 {[%emt 0:0:3] ( -> ...Re1+)} (48... Kc3 $5 49. g6 $8 Rb2+ 50. Ka1 Rb8 $11 )49. g6 {[%emt 0:0:6] Black must now prevent g7.} Re1+ 50. Kb2 Re2+ (50... d2 $5 51. g7 $8 Rb1+ 52. Ka3 (52. Kxb1 d1=Q+ 53. Ka2 Qd2+ 54. Kb1 Qe1+ 55. Kc2 Qxg3 56. g8=R Qxg8 57. Kd2 Qe8 58. Kc1 Kc3 59. Kd1 Qe7 60. Kc1 Qe1# )Rb8 53. Rg4+ Kc5 54. Rg5+ Kc4 55. Rg4+ Kd3 $11 )51. Kb1 {[%emt 0:0:1] g7 would now be deadly.} Re1+ 52. Kb2 Re2+ (52... d2 $5 53. g7 $8 Rb1+ 54. Ka3 (54. Kxb1 {is a self mate.} d1=Q+ 55. Kb2 Qd2+ 56. Kb1 Qe1+ 57. Kc2 Qxg3 58. g8=R Qxg8 59. Kd2 Kd4 60. Ke1 Ke3 61. Kf1 Qg7 62. Ke1 Qg1# )Rb8 55. Rg4+ Kc5 56. Rg5+ Kc6 $11 )53. Kb1 {[%emt 0:0:1] Weighted Error Value: White=0.06 (flawless) /Black=0.04 (flawless) .  Mistake:       	White=1     	---        Inaccurate:     	White=1     	Black=2      OK:         	White=18    	Black=16     Best:        	White=4     	Black=1      Strong:       	White=1     	Black=1} 1/2-1/2

[Event "Biel Festival Masters Blitz 2024"]
[White "Praggnanandhaa R"]
[Black "Shankland,Sam"]
[Site "Biel"]
[Round "6.3"]
[Annotator "TA"]
[Result "0-1"]
[Date "2024.07.21"]
[WhiteElo "2747"]
[BlackElo "2683"]
[PlyCount "102"]
[TimeControl "180+2"]

1. e4 c5 2. Nf3 d6 3. Nc3 Nc6 4. Bb5 e5 5. d3 Nf6 6. O-O Be7 7. h3 {[%emt 0:0:1] B51: Sizilianisch (Rossolimo-Variante).} O-O 8. a4 h6 9. Bc4 Be6 10. Re1 Qd7 11. Bd2 Rae8 $146 ({Predecessor:} 11... Bd8 12. Nh2 Nh7 13. Nf1 f5 14. exf5 Bxc4 15. dxc4 Qxf5 16. Ne4 Bh4 17. Nfg3 Bxg3 18. fxg3 {½-½ Sherwood,R (2416)-Jones,I (2409) WLS Inv10 email 2021} )12. Nd5 Bd8 13. c3 a6 14. a5 Bxd5 15. exd5 Ne7 16. Qb3 Ng6 17. Qa2 Nh5 18. Bb3 Nhf4 19. Ba4 Qf5 20. Bxe8 Rxe8 21. Qa4 Rf8 22. Qe4 Qh5 23. c4 f5 24. Qe3 Nxg2 25. Kxg2 Nf4+ 26. Kg1 Qg6+ (26... Qxh3 27. Nh4 Bxh4 (27... Qxh4 $2 28. Qf3 $19 )28. Qxh3 Nxh3+ 29. Kg2 Nxf2 30. Re3 $19 )27. Ng5 Qxg5+ $2 (27... hxg5 $19 {ist viel giftiger.} 28. Qg3 Qh5 )28. Qg3 $17 Nxh3+ 29. Kh2 Qxd2 30. Kxh3 Bg5 (30... Qxb2 31. Rab1 Qc3 32. Rxb7 $11 )(30... Bxa5 31. Qg6 $17 )31. Kg2 Kh7 (31... Rf7 $19 32. Qf3 Qxb2 )32. Qf3 $17 Bf4 (32... Bd8 $17 33. Re2 Qb4 (33... Qg5+ $2 34. Qg3 $19 ))33. Re2 Qb4 34. Kh1 (34. Ree1 $142 )Rf6 35. Qh3 (35. Ree1 $17 {war angesagt.} )Qb3 $1 $19 36. Qf3 (36. Ree1 {ist eine bessere Verteidigung.} )g5 $19 37. Ree1 {[%emt 0:0:2] [#]} e4 $1 (37... Qxb2 38. Rab1 g4 39. Rxb2 $18 (39. Qxf4 Qxb1 $17 ))38. Qd1 Qxb2 39. Qe2 $2 (39. Qh5 {war einen Versuch wert.} Qxf2 (39... exd3 40. Re7+ Kg8 41. Qe8+ Rf8 42. Qg6+ Kh8 43. Qh7# )40. dxe4 )Qc3 (39... Qxe2 $142 40. Rxe2 exd3 41. Re7+ Kg6 )40. Kg2 $2 (40. Qh5 Kg7 (40... Qxd3 $2 41. Rab1 $19 )41. dxe4 Qxc4 42. Rab1 )g4 $19 (40... Qxd3 41. Qxd3 exd3 42. Re7+ Kg6 43. Rd1 $19 )(40... exd3 $2 41. Qe7+ Kg8 42. Ra3 $18 )41. Rab1 Rf7 (41... Qxa5 42. dxe4 (42. Rxb7+ Kg8 $16 )Qc7 43. exf5 $16 )42. Red1 Re7 43. Qb2 Qxb2 ({Nicht} 43... Qxa5 44. Qf6 Bg5 45. Qxf5+ Kg7 46. Qxg4 $11 (46. dxe4 Qc3 $11 ))44. Rxb2 Be5 (44... e3 $142 45. Re2 Kg6 )45. Rb3 $2 (45. Re2 )f4 $19 46. dxe4 {[%emt 0:0:2] [#]} f3+ $1 47. Kg1 Bd4 48. Rdb1 Rxe4 49. Rxb7+ Kg6 50. R1b6 Re1+ 51. Kh2 Be5# 0-1